 Dungeon Crawl Stone Soup version 0.30.0-10-gfe55d96785 (webtiles) character file.

Game seed: 17087770800781114059

100 qw the Chopper (level 4, -4/28 HPs)
             Began as a Gargoyle Cinder Acolyte on May 17, 2023.
             Was an Elder of Ignis.
             Killed by divine providence
             ... invoked by an orc priest
              (17 damage)
             ... on level 3 of the Dungeon.
             The game lasted 00:01:00 (2404 turns).

qw the Chopper (Gargoyle Cinder Acolyte)            Turns: 2404, Time: 00:01:01

Health: -4/28      AC: 15    Str: 19    XL:     4   Next: 73%
Magic:  5/5        EV: 15    Int: 15    God:    Ignis [****..]
Gold:   153        SH:  0    Dex:  5    Spells: 5/5 levels left

rFire   + . .        Y - -1 hand axe (flame)
rCold   . . .        (no shield)
rNeg    + . .        c - +0 ring mail
rPois   inf          (no helmet)
rElec   +            (no cloak)
rCorr   .            (no gloves)
SInv    .            (no boots)
Will    .....        (no amulet) Stlth
                     g - +5 ring of evasion
HPRegen 0.24/turn    (no ring)
MPRegen 0.09/turn

%: no passive effects
@: fiery-armoured
A: sickness immunity, AC +3, negative energy resistance 1, electricity
resistance, torment resistance 1, petrification resistance
a: Renounce Religion, Fiery Armour, Foxfire Swarm, Rising Flame


You were on level 3 of the Dungeon.
You worshipped Ignis.
Ignis was greatly pleased with you.
You visited 1 branch of the dungeon, and saw 3 of its levels.

You collected 153 gold pieces.


Innate Abilities, Weirdness & Mutations

You are immune to sickness and miasma.
Your stone body is resilient. (AC +3)
You are immune to poison.
You resist negative energy. (rN+)
You are resistant to electric shocks. (rElec)
You are resistant to unholy torment.
You are immune to petrification.


   Skills:
 - Level 3.2 Fighting
 + Level 4.7 Axes
 - Level 1.0 Armour
 - Level 1.0 Spellcasting
 - Level 3.0 Fire Magic


You had 5 spell levels left.
You didn't know any spells.
Your spell library contained the following spells:

 Spells                   Type           Power      Damage    Failure   Level
 Scorch                   Fire           18%        2d5       19%         2

Inventory:

Hand Weapons
 Y - a -1 hand axe of flaming (weapon)
Missiles
 e - 3 boomerangs (quivered)
Armour
 c - a +0 ring mail (worn)
 f - a +0 scale mail
Jewellery
 g - a +5 ring of evasion (left hand)
Scrolls
 d - a scroll of teleportation
Potions
 a - 3 potions of curing
 b - a potion of resistance {unknown}

Dungeon Overview and Level Annotations

Branches:
Dungeon (3/15)

Altars:


Message History

You hit the orc wizard. You burn the orc wizard.
The orc wizard is lightly wounded.
The orc priest begins to cast a cantrip, but forgets the words!
The orc wizard hits you with a +3 dagger.
The orc wizard is burned by your cloak of flames.
The orc wizard is heavily wounded.
You hit the orc wizard. You burn the orc wizard.
The orc wizard is heavily wounded.
The orc wizard casts a spell at you.
The magic dart hits you but does no damage.
The orc wizard completely misses you.
You closely miss the orc wizard.
The orc wizard is heavily wounded.
The orc wizard casts a spell at you. The magic dart hits you.
You slash the orc wizard! You burn the orc wizard.
You kill the orc wizard!
You barely miss the orc wizard.
The orc priest calls down the wrath of Beogh upon you.
Beogh smites you!
The orc wizard hits you but does no damage.
The orc wizard is burned by your cloak of flames.
The orc wizard is lightly wounded.
You hear a shout!
You hit the orc wizard. You burn the orc wizard.
The orc wizard is heavily wounded.
You hit the orc. You burn the orc. The orc hits you but does no damage.
The orc is burned by your cloak of flames.
You kill the orc!
The orc wizard hits you with a +0 dagger.
The orc wizard is burned by your cloak of flames.
The orc wizard is severely wounded.
You hit the orc wizard but do no damage.
The orc wizard is severely wounded.
The orc wizard closely misses you.
The orc priest calls down the wrath of Beogh upon you.
Beogh smites you!
Ouch! That really hurt!
You die...

.#(#.# #
##.############ #
#.##~~~~~~~~~####
#..............##
#.##~~~~~~~~~#...
#
##..###########..#
#. #...# #.....#
#..##'##...#
##.....
#......@o.#
#.####..#
#####.##).#
#.......# #. #..#
######... #. ..o#
#### ## #.#. #
#... #.#..
......## .....
.###..## .# .).
#..... #...##


You could see an orc priest and an orc wizard.

Vanquished Creatures
  An orc wizard (D:3)
  A gnoll (D:1)
  An adder (D:2)
  A dart slug (D:1)
  An orc (D:3)
  7 endoplasms
  2 giant cockroaches (D:2)
  3 goblins
  2 hobgoblins
  4 jackals (D:1)
  6 kobolds
  5 quokkas
  7 ball pythons
  2 bats (D:1)
  3 frilled lizards
  3 rats
49 creatures vanquished.

Notes
Turn   | Place    | Note
-------+----------+-------------------------------------------
     0 | D:1      | qw the Gargoyle Cinder Acolyte began the quest for the Orb.
     0 | D:1      | Reached XP level 1. HP: 14/14 MP: 2/2
     0 | D:1      | 0 ||| qw: Version: 0.2-a-95-g4c1bab1
     0 | D:1      | 0 ||| qw: Game counter: 117
     0 | D:1      | 0 ||| qw: Always use a shield: true
     0 | D:1      | 0 ||| qw: God list: Okawaru
     0 | D:1      | 0 ||| qw: Allow faded altars: false
     0 | D:1      | 0 ||| qw: Do Orc after D:15 true
     0 | D:1      | 0 ||| qw: Do second Lair branch before Depths: true
     0 | D:1      | 0 ||| qw: Lair rune preference: random
     0 | D:1      | 0 ||| qw: Plans: Normal
     0 | D:1      | 0 ||| PLANNING D:1-11
    36 | D:1      | 36 ||| Stepping ~*~*~tactically~*~*~ (stealth).
    39 | D:1      | 39 ||| Stepping ~*~*~tactically~*~*~ (stealth).
    43 | D:1      | 43 ||| INVOKING Fiery Armour.
    43 | D:1      | HP: 3/14 [frozen (4)]
   108 | D:1      | Reached skill level 3 in Axes
   126 | D:1      | Reached XP level 2. HP: 19/19 MP: 3/3
   353 | D:1      | 353 ||| Stepping ~*~*~tactically~*~*~ (stealth).
   355 | D:1      | 355 ||| Stepping ~*~*~tactically~*~*~ (stealth).
   428 | D:1      | 428 ||| Stepping ~*~*~tactically~*~*~ (stealth).
   429 | D:1      | 429 ||| Stepping ~*~*~tactically~*~*~ (stealth).
   481 | D:1      | 481 ||| INVOKING Fiery Armour.
   483 | D:1      | Reached XP level 3. HP: 9/23 MP: 4/4
   657 | D:1      | 657 ||| Stepping ~*~*~tactically~*~*~ (stealth).
   659 | D:1      | 659 ||| Stepping ~*~*~tactically~*~*~ (stealth).
   685 | D:1      | Reached skill level 4 in Axes
  1186 | D:1      | 1186 ||| UPGRADING to +0 ring mail.
  1196 | D:1      | 1196 ||| DROPPING +0 robe.
  1197 | D:1      | 1197 ||| DROPPING +6 ring of intelligence.
  1198 | D:1      | 1198 ||| UPGRADING to +5 ring of evasion.
  1199 | D:1      | 1199 ||| READING 2 scrolls labelled KACZOC OSUN.
  1200 | D:1      | 1200 ||| READING scroll labelled WASMAELUME.
  1201 | D:1      | 1201 ||| READING scroll labelled EWKIT WYECZOA.
  1202 | D:1      | 1202 ||| DROPPING scroll of fog.
  1435 | D:2      | Reached skill level 1 in Armour
  1474 | D:2      | Reached XP level 4. HP: 27/28 MP: 5/5
  1629 | D:2      | 1629 ||| Stepping ~*~*~tactically~*~*~ (stealth).
  1636 | D:2      | 1636 ||| INVOKING Fiery Armour.
  1731 | D:2      | 1731 ||| Stepping ~*~*~tactically~*~*~ (stealth).
  1743 | D:2      | 1743 ||| Stepping ~*~*~tactically~*~*~ (stealth).
  1967 | D:2      | 1967 ||| READING 2 scrolls labelled HUIL UWOTIO.
  1972 | D:2      | 1972 ||| READING scroll labelled JAEKIAPH TYNEE.
  1973 | D:2      | 1973 ||| READING scroll labelled QEPIQO FEBE.
  2074 | D:2      | 2074 ||| READING 2 scrolls labelled PICZU SYMAUJ.
  2075 | D:2      | 2075 ||| READING scroll labelled XUSTRU EFUEJATI.
  2076 | D:2      | 2076 ||| DRINKING 4 fizzy amethyst potions.
  2077 | D:2      | 2077 ||| DROPPING scroll of blinking.
  2385 | D:3      | Noticed a +0 falchion
  2385 | D:3      | Noticed a +0 dagger
  2385 | D:3      | Noticed a +0 falchion
  2385 | D:3      | Noticed a +0 short sword
  2386 | D:3      | Noticed a +0 dagger
  2386 | D:3      | Noticed a +0 short sword
  2386 | D:3      | Noticed a +0 spear
  2393 | D:3      | 2393 ||| Stepping ~*~*~tactically~*~*~ (hiding).
  2398 | D:3      | 2398 ||| INVOKING Fiery Armour.
  2404 | D:3      | Killed from afar by an orc priest

Levels and vault maps discovered:
D:1:      erik_arrival_cave_to_civilisation [erik_arrival_cave_to_hall],
          layout_basic, minmay_misc_feat_tower, minmay_shallow_snake_nest
D:2:      minmay_spotlight, layout_loops_cross
D:3:      layout_loops_cross, nicolae_uskayaw_en_pointe,
          lemuel_coloured_pillars_altar, amcnicky_mini_rare_corridor_liquid,
          grunt_ministairs_3, kennysheep_decorative_pillar,
          minmay_misc_feat_columns

Skill      XL: |  1  2  3 |
---------------+----------+-----
Axes           | 3 4 |  4.7
Armour         | 1 |  1.0
Fighting       | |  3.2
Spellcasting   | |  1.0
Fire Magic     | |  3.0

Action                     |  1- 3 |  4- 6 || total
---------------------------+-------+-------++-------
  Melee: Hand axe          |   120 |    40 ||   160
  Throw: Boomerang         |       |     4 ||     4
 Invoke: Fiery Armour      |     2 |     2 ||     4
    Use: Scroll            |     3 |     5 ||     8
         Potion            |       |     1 ||     1
 Armour: Robe              |    19 |       ||    19
         Ring mail         |    13 |    10 ||    23
  Dodge: Dodged            |    79 |    16 ||    95

Table legend:
 A = Non-vault XP
 B = Vault XP
 C = Vault XP percentage of total XP
 D = Non-vault monster count
 E = Vault monster count
 F = Vault count percentage of total count
                 A         B        C        D         E       F
            +---------+---------+-------+---------+---------+-------
      Total |     129 |      14 |   9.8 |      38 |      11 |  22.4
            +---------+---------+-------+---------+---------+-------
        D:1 |      50 |       4 |   7.4 |      20 |       4 |  16.7
        D:2 |      34 |      10 |  22.7 |      12 |       7 |  36.8
        D:3 |      45 |       0 |   0.0 |       6 |       0 |   0.0
            +---------+---------+-------+---------+---------+-------
